 Dungeon Crawl Stone Soup version 0.28-a0-863-g8cecda6153 (webtiles) character file.

Game seed: 17196914721936854490

72 cheechan the Poker (level 4, -2/37 HPs)
             Began as a Merfolk Monk on Nov 18, 2021.
             Slain by Terence (8 damage)
             ... on level 3 of the Dungeon.
             The game lasted 00:07:04 (2172 turns).

cheechan the Poker (Merfolk Monk)                   Turns: 2172, Time: 00:07:04

Health: -2/37      AC:  3    Str: 11    XL:     4   Next: 25%
Magic:  4/4        EV: 14    Int:  9    God:
Gold:   39         SH:  0    Dex: 17    Spells: 3/3 levels left

rFire   . . .      SeeInvis .   a - +1 spear
rCold   . . .      Faith    .   (no shield)
rNeg    . . .      Spirit   .   b - +1 robe
rPois   .          Reflect  .   (no helmet)
rElec   .          Harm     .   (no cloak)
rCorr   .          Rampage  .   (no gloves)
Will    .....                   (no boots)
Stlth   ++........              (no amulet)
HPRegen 0.12/turn               (no ring)
MPRegen 0.09/turn               (no ring)

@: no status effects
A: (nimble swimmer 2), mertail
a: no special abilities


You were on level 3 of the Dungeon.
You visited 1 branch of the dungeon, and saw 3 of its levels.

You collected 39 gold pieces.

Inventory:

Hand Weapons
 a - a +1 spear (weapon)
 c - a +1 whip of venom
 g - a +2 vampiric dagger
 k - a +0 hunting sling
Missiles
 l - 17 arrows
Armour
 b - a +1 robe (worn)
Scrolls
 j - a scroll of enchant armour
Potions
 d - a potion of curing {unknown}
 e - a potion of flight {unknown}
 f - a potion of resistance {unknown}
 h - a potion of degeneration {unknown}
 m - a potion of heal wounds {unknown}


   Skills:
 + Level 3.8 Fighting
 + Level 5.7 Polearms
 + Level 4.7 Dodging
 + Level 2.7 Stealth


You had 3 spell levels left.
You didn't know any spells.
Your spell library contained the following spells:

 Spells                   Type           Power      Damage    Failure   Level
 Call Canine Familiar     Summ           0%         N/A       77%         3
 Portal Projectile        Hex/Tloc       0%         N/A       77%         3
 Leda's Liquefaction      Hex/Erth       0%         N/A       99%         4


Dungeon Overview and Level Annotations

Branches:
Dungeon (3/15)

Altars:
Makhleb

Annotations:
D:3 Terence


Innate Abilities, Weirdness & Mutations

((You are quick and stealthy near water. (Stealth+, EV+, Speed+++)))
Your lower body shifts to a powerful aquatic tail in water.


Message History

Terence closely misses you.
You hit Terence but do no damage.
Terence is moderately wounded.
Terence closely misses you.
You hit Terence but do no damage.
Terence is moderately wounded.
You hit Terence but do no damage.
Terence is moderately wounded.
Terence screams, "I'm going to kill you!"
Terence hits you with a +0 hand axe.
You hit Terence.
Terence is heavily wounded.
Terence barely misses you.
You hit Terence but do no damage.
Terence is heavily wounded.
Terence hits you with a +0 hand axe.
You hit Terence but do no damage.
Terence is heavily wounded.
Terence hits you with a +0 hand axe.
Okay, then.
Okay, then.
You hit Terence but do no damage.
Terence is heavily wounded.
You hit Terence.
Terence is heavily wounded.
Terence barely misses you.
You hit Terence.
Terence is severely wounded.
Terence asks, "Do you want it fast or slow?"
Terence misses you.
You barely miss Terence.
Terence is severely wounded.
Terence hits you with a +0 hand axe!
* * * LOW HITPOINT WARNING * * *
As you read the scroll labelled GIATHR USMIUHIG, it crumbles to dust.
It is a scroll of enchant weapon.
Your +0 spear glows red for a moment.
Terence screams, "I'm going to kill you!"
Terence hits you with a +0 hand axe!
You die...

#########.### ...
#...........# ....
#...........# ....
##...........####..#.
###....................
#...........>........#
#.#)#..........##<#..#
#..........######.# .#
#.#.#@@###.# #.# #
#......# #.# #.#
#......# #.. ..#
######## #### ##. .. .
.


You could see Terence.

Vanquished Creatures
  2 adders (D:2)
  2 worms (D:2)
  2 dart slugs (D:1)
  6 endoplasms
  5 giant cockroaches
  4 goblins
  2 hobgoblins (D:1)
  2 quokkas
  4 ball pythons
  3 frilled lizards
  6 kobolds (D:1)
  3 rats (D:2)
41 creatures vanquished.

Notes
Turn   | Place    | Note
-------+----------+-------------------------------------------
     0 | D:1      | cheechan the Merfolk Monk began the quest for the Orb.
     0 | D:1      | Reached XP level 1. HP: 18/18 MP: 1/1
   139 | D:1      | Reached XP level 2. HP: 13/24 MP: 2/2
   609 | D:1      | Reached skill level 5 in Polearms
   720 | D:1      | Reached XP level 3. HP: 27/30 MP: 3/3
   741 | D:1      | Found a faded altar of an unknown god.
  1412 | D:2      | Reached XP level 4. HP: 37/37 MP: 4/4
  1617 | D:2      | Found a burning altar of Makhleb.
  2136 | D:3      | Noticed Terence
  2172 | D:3      | Slain by Terence

Illustrated notes

Levels and vault maps discovered:
D:1:      lightli_molten_gateway, layout_basic,
          dilly_ecumenical_altar_fadedgnrine, minmay_misc_feat_four_crosses
D:2:      layout_loops_ring, basic_altar
D:3:      layout_basic, general_overflow_altar, serial_co_window_serial,
          co_window_paths_b, co_window_paths_a, co_window_paths_a,
          co_window_paths_a, co_window_paths_a, co_window_corner_a,
          co_window_cross_1, co_window_corner_b, co_window_of_opportunity_c,
          co_window_broadway_c, co_window_corner_cb, co_window_of_opportunity_b,
          co_window_paths_d, co_window_4corner_b, glass_columns_a,
          glass_columns_a, glass_columns_a, glass_columns_a, uniq_terence,
          uniq_ijyb

Skill      XL: |  1  2 |
---------------+-------+-----
Polearms       | 5 |  5.7
Fighting       | |  3.8
Dodging        | |  4.7
Stealth        | |  2.7

Action                   |  1- 3 |  4- 6 || total
-------------------------+-------+-------++-------
Melee: Spear             |   124 |    67 ||   191
  Use: Scroll            |     2 |     1 ||     3
 Stab: Sleeping          |     4 |     2 ||     6
       Distracted        |     1 |       ||     1
Armor: Robe              |    15 |     6 ||    21
Dodge: Dodged            |    55 |    27 ||    82

Table legend: (Time is in decaauts)
 A = Elapsed time spent in this place.
 B = Non-inter-level travel time spent in this place.
 C = Inter-level travel time spent in this place.
 D = Time resting spent in this place.
 E = Time spent auto-exploring this place.
 F = Levels seen in this place.
 G = Mean time per level.
                   A        B        C        D        E       F      G
               +--------+--------+--------+--------+--------+-----+--------+
         Total |   2139 |   2139 |      0 |    549 |      0 |   3 |  713.0 |
       Dungeon |   2139 |   2139 |      0 |    549 |      0 |   3 |  713.0 |
               +--------+--------+--------+--------+--------+-----+--------+

Top non-repeatable levels by time:
     D:2: 1156 daAuts
     D:1: 942 daAuts
     D:3: 40 daAuts
